 Dungeon Crawl Stone Soup version 0.31-a0-656-gb4d89c20fa (webtiles) character file.

Game seed: 15896457564712809723

1444 GloriousHammer the Fighter (level 8, 0/97 HPs)
             Began as an Ogre Warper on Aug 30, 2023.
             Was a Follower of Okawaru.
             Succumbed to an orc wizard's poison
             ... on level 6 of the Dungeon.
             The game lasted 00:17:25 (6147 turns).

GloriousHammer the Fighter (Ogre Warper)            Turns: 6147, Time: 00:17:25

Health: 0/97       AC: 13    Str: 19    XL:     8   Next: 74%
Magic:  11/11      EV:  7    Int: 16    God:    Okawaru [*.....]
Gold:   183        SH:  0    Dex: 14    Spells: 4/11 levels left

rFire   + + .        n - +0 flail (holy)
rCold   x . .        p - orb {light}
rNeg    + + .        m - +1 fire dragon scales
rPois   .            (helmet restricted)
rElec   .            s - +2 cloak
rCorr   .            (gloves unavailable)
SInv    .            (boots unavailable)
Will    +....        (no amulet) Stlth
                     N - ring of positive energy
HPRegen 0.36/turn    k - ring of Tomorrow {*Slow rN+ Will+ Str+3 Dex+6}
MPRegen 0.12/turn

%: slow self (1%)
@: mighty, lethally poisoned (0 -> -8), glowing
A: large, unfitting armour, tough skin 1
a: Renounce Religion, Heroism


You were on level 6 of the Dungeon.
You worshipped Okawaru.
Okawaru was aware of your devotion.
You visited 2 branches of the dungeon, and saw 7 of its levels.

You collected 183 gold pieces.

Inventory:

Hand Weapons
 n - a +0 flail of holy wrath (weapon)
Missiles
 d - 7 darts of dispersal
 e - 7 poisoned darts (quivered)
 j - a throwing net
Armour
 a - the +1 robe of the Pits of Slime {Dex+4}
   (You found it on level 5 of the Dungeon)

   Dex+4:     It affects your dexterity (+4).
 m - +1 fire dragon scales (worn)
 p - an orb of light (worn)
 s - a +2 cloak (worn)
Jewellery
 k - the ring of Tomorrow (right hand) {*Slow rN+ Will+ Str+3 Dex+6}
   (You found it on level 2 of the Dungeon)

   [ring of dexterity]

   Str+3:     It affects your strength (+3).
   Dex+6:     It affects your dexterity (+6).
   rN+:       It protects you from negative energy.
   Will+:     It increases your willpower.
   *Slow:     It may slow you when you take damage.
 N - a ring of positive energy (left hand)
Wands
 c - a wand of polymorph (4)
 i - a wand of flame (10)
Scrolls
 f - a scroll of teleportation {unknown}
 o - a scroll of silence {unknown}
 t - a scroll of butterflies {unknown}
 v - 2 scrolls of enchant armour
 w - a scroll of immolation {unknown}
 x - a scroll of enchant weapon {unknown}
 y - 2 scrolls of noise {unknown}
 I - a scroll of identify
Potions
 h - a potion of enlightenment {unknown}
 l - a potion of curing {unknown}
 r - a potion of cancellation {unknown}
 u - a potion of lignification {unknown}
 z - a potion of ambrosia {unknown}
 A - a potion of brilliance {unknown}


   Skills:
 * Level 11.0 Fighting
 + Level 5.7 Maces & Flails
 - Level 1.0 Throwing
 + Level 0.3 Armour
 - Level 2.1 Dodging
 - Level 2.4 Spellcasting
 + Level 3.3 Translocations
 + Level 0.5 Invocations


You had 4 spell levels left.
You knew the following spells:

 Your Spells              Type           Power      Damage    Failure   Level
a - Blink                 Tloc           24%        N/A       30%         2
b - Lesser Beckoning      Tloc           24%        N/A       30%         2
c - Teleport Other        Tloc           12%        N/A       52%         3

Your spell library contained the following spells:

 Spells                   Type           Power      Damage    Failure   Level
 Magic Dart               Conj           4%         1d3       63%         1
 Necrotise                Necr           4%         1d4       63%         1
 Scorch                   Fire           2%         2d5       77%         2
 Searing Ray              Conj           2%         2d4       77%         2
 Manifold Assault         Tloc           12%        N/A       90%         4
 Passage of Golubria      Tloc           12%        N/A       90%         4
 Vampiric Draining        Necr           1%         2d6       94%         3
 Vhi's Electric Charge    Tloc/Air       14%        N/A       99%         4
 Flame Wave               Conj/Fire      1%         2d4       100%        4
 Fulminant Prism          Conj/Hex       0%         3d5       100%        4
 Agony                    Necr           1%         N/A       100%        5
 Yara's Violent Unravell  Hex/Tmut       0%         3d3       100%        5
 Tukima's Dance           Hex            Unusable   N/A       N/A         3
 Summon Cactus Giant      Summ           Unusable   N/A       N/A         6

Dungeon Overview and Level Annotations

Branches:
Dungeon (6/15)             Temple (1/1) D:4

Altars:
Ashenzari
Cheibriados
Dithmenos
Elyvilon
Fedhas
Gozag
Hepliaklqana
Kikubaaqudgha
Makhleb
Nemelex Xobeh
Okawaru
Qazlal
Ru
Sif Muna
Trog
Uskayaw
Vehumet
Wu Jian
Xom
Yredelemnul
Zin
The Shining One

Shops:
D:2 :*

Annotations:
D:3 exclusion: downstairs
D:5 exclusion: downstairs
D:6 Jeremiah


Innate Abilities, Weirdness & Mutations

You are too large for most types of armour.
You have tough skin. (AC +1)


Message History

You feel much better.
You feel extremely sick. The howler monkey barely misses you.
The orc wizard casts a spell at you. The magic dart hits you.
The howler monkey hits you. The orc hits you but does no damage.
The orc wizard hits you with a +1 dagger of venom.
You are more poisoned.
You feel extremely sick.
The howler monkey attacks as it pursues you!
The howler monkey hits you but does no damage. x2
You gain the combat prowess of a mighty hero.
You feel very sick.
The howler monkey hits you but does no damage.
You feel much better.
You feel very sick.
The howler monkey completely misses you.
The howler monkey barely misses you.
You sock the howler monkey!
The howler monkey is severely wounded.
You feel very sick.
The howler monkey hoots and howls with incredible vigour!
The howler monkey hits you but does no damage.
You bludgeon the howler monkey!!
You kill the howler monkey!
Okawaru accepts your kill.
You feel sick.
The orc wizard hits you but does no damage.
You are more poisoned.
You hit the orc wizard but do no damage.
You feel very sick.
The orc wizard hits you but does no damage.
You are more poisoned.
You closely miss the orc wizard.
You feel very sick. The orc wizard barely misses you.
You barely miss the orc wizard.
You feel yourself speed up.
You feel very sick.
The orc wizard hits you but does no damage.
You are more poisoned.
The orc wizard hits you but does no damage.
You are lethally poisoned!
You barely miss the orc wizard.
You feel like a meek peon again.
* * * LOW HITPOINT WARNING * * *
You feel very sick.
You thump the orc wizard!
The orc wizard is severely wounded.
* * * LOW HITPOINT WARNING * * *
You feel very sick.
The orc wizard hits you with a +1 dagger of venom.
* * * LOW HITPOINT WARNING * * *
You are more poisoned.
The orc wizard hits you but does no damage.
You are more poisoned.
You feel much better.
* * * LOW HITPOINT WARNING * * *
You feel extremely sick.
The orc wizard hits you but does no damage.
You are more poisoned.
You sock the orc wizard!
You kill the orc wizard!
Okawaru accepts your kill.
* * * LOW HITPOINT WARNING * * *
You feel extremely sick.
You hit the orc.
The orc is lightly wounded.
* * * LOW HITPOINT WARNING * * *
You feel extremely sick. The orc hits you with a +0 falchion.
* * * LOW HITPOINT WARNING * * *
You feel much better.
* * * LOW HITPOINT WARNING * * *
You feel very sick. The orc hits you but does no damage.
You hit the orc.
The orc is almost dead.
* * * LOW HITPOINT WARNING * * *
You feel very sick. The orc hits you with a +0 falchion.
* * * LOW HITPOINT WARNING * * *
You hit the orc but do no damage.
The orc is almost dead.
* * * LOW HITPOINT WARNING * * *
You feel very sick. The orc hits you but does no damage.
Unknown command.
Unknown command.
Unknown command.
You hit the orc but do no damage.
The orc is almost dead.
* * * LOW HITPOINT WARNING * * *
You feel very sick. The orc hits you but does no damage.
Unknown command.
Unknown command.
It was a potion of might.
You feel very mighty all of a sudden.
You die...

## #.# ###
..#########.##
..#.....@oo)####
#.#.######.....#
#.#.# #####.#
#...# # #.###
##.# #..# ##.#
#######
#.###.....#


You could see 2 orcs.

Vanquished Creatures
  Sigmund (D:4)
  A black bear (D:5)
  An ogre (D:4)
  Blork the orc (D:3)
  3 scorpions
  4 wights
  A howler monkey (D:6)
  2 hounds
  An orc priest (D:4)
  An iron imp (D:3)
  Crazy Yiuf (D:4)
  A sleepcap (D:4)
  4 orc wizards
  4 iguanas
  Robin (D:2)
  7 adders
  7 gnolls
  An ufetubus (D:5)
  3 worms
  5 dart slugs
  6 orcs
  12 endoplasms
  3 giant cockroaches
  7 goblins
  13 hobgoblins
  3 quokkas
  9 ball pythons
  6 bats
  4 frilled lizards
  7 kobolds
  3 rats
123 creatures vanquished.

Notes
Turn   | Place    | Note
-------+----------+-------------------------------------------
     0 | D:1      | GloriousHammer the Ogre Warper began the quest for the Orb.
     0 | D:1      | Reached XP level 1. HP: 22/22 MP: 3/3
   121 | D:1      | Reached skill level 3 in Fighting
   121 | D:1      | Reached XP level 2. HP: 26/31 MP: 5/5
   421 | D:1      | Reached XP level 3. HP: 34/39 MP: 6/6
   589 | D:2      | Found Lirali's General Store.
   594 | D:2      | Noticed Robin
   614 | D:2      | Reached skill level 4 in Fighting
   663 | D:2      | Killed Robin
  1123 | D:2      | Reached XP level 4. HP: 27/49 MP: 7/7
  1288 | D:2      | Reached skill level 5 in Fighting
  1837 | D:2      | Found Qoekix's Book Boutique.
  1843 | D:2      | Identified the ring of Tomorrow {*Slow rN+ Will+ Str+3
                  | Dex+6}
  1853 | D:2      | Learned a level 2 spell: Blink
  1856 | D:2      | Learned a level 2 spell: Lesser Beckoning
  1860 | D:2      | Learned a level 3 spell: Teleport Other
  1883 | D:2      | Reached XP level 5. HP: 54/57 MP: 8/8
  2449 | D:3      | Found a snail-covered altar of Cheibriados.
  2462 | D:3      | Reached skill level 6 in Fighting
  3018 | D:4      | Reached XP level 6. HP: 67/67 MP: 9/9
  3078 | D:4      | Found a runed translucent door.
  3079 | D:4      | Noticed Crazy Yiuf
  3364 | D:4      | Found a staircase to the Ecumenical Temple.
  3379 | D:4      | Reached skill level 7 in Fighting
  3382 | Temple   | Entered the Ecumenical Temple
  3392 | Temple   | Became a worshipper of Warmaster Okawaru
  3655 | D:4      | Noticed Blork the orc
  3669 | D:4      | Noticed Sigmund
  3682 | D:4      | Reached XP level 7. HP: 14/78 MP: 10/10
  4009 | D:3      | Killed Blork the orc
  4542 | D:4      | Killed Sigmund
  4543 | D:4      | Reached skill level 8 in Fighting
  4808 | D:4      | Killed Crazy Yiuf
  4869 | D:5      | Entered Level 5 of the Dungeon
  4884 | D:4      | Reached skill level 9 in Fighting
  4926 | D:4      | Reached * piety under Okawaru
  4927 | D:4      | Reached XP level 8. HP: 56/90 MP: 11/11
  5131 | D:5      | Reached skill level 5 in Maces & Flails
  5390 | D:5      | Reached skill level 10 in Fighting
  5634 | D:5      | Identified the +1 robe of the Pits of Slime {Dex+4}
  6039 | D:6      | Noticed Jeremiah
  6127 | D:6      | Reached skill level 11 in Fighting
  6142 | D:6      | HP: 3/97 [orc/+0 falchion (3)]
  6147 | D:6      | Succumbed to an orc wizard's poison

Illustrated notes

Levels and vault maps discovered:
D:1:      orjb1_lava_funnel, layout_rooms
D:2:      layout_rooms, serial_shops, shop_statue, nicolae_book_shop_shelving,
          nicolae_grassy_gnolls, uniq_robin
D:3:      layout_basic, slow_altar_1
D:4:      layout_basic, minmay_temple_entry_sparse_star, kennysheep_crisscross,
          uniq_sigmund, uniq_blork_the_orc, uniq_crazy_yiuf_cottage
D:5:      layout_cave_pools
D:6:      cheibrodos_two_vegetables, layout_loops_cross, uniq_jeremiah
Temple:   regret_index_temple_sigil_plot

Skill      XL: |  1  2  3  4  5  6  7  8 |
---------------+-------------------------+-----
Maces & Flails | 2 3 4 5 |  5.7
Fighting       | 3 4 5 6 7 9 11 | 11.0
Translocations | 3 |  3.3
Throwing       | |  1.0
Armour         | |  0.3
Dodging        | |  2.1
Spellcasting   | |  2.4
Invocations    | |  0.5

Action                     |  1- 3 |  4- 6 |  7- 9 || total
---------------------------+-------+-------+-------++-------
  Melee: Mace              |   117 |    66 |       ||   183
         Flail             |       |   110 |   133 ||   243
  Throw: Dart              |     5 |       |       ||     5
 Invoke: Heroism           |       |       |     1 ||     1
  Evoke: Wand              |       |       |     5 ||     5
    Use: Scroll            |       |       |     3 ||     3
         Potion            |       |       |     5 ||     5
 Armour: Robe              |    57 |    17 |       ||    74
         Fire dragon scale |       |    66 |   105 ||   171
  Dodge: Dodged            |    91 |    61 |    72 ||   224

Table legend: (Time is in decaauts)
 A = Elapsed time spent in this place.
 B = Non-inter-level travel time spent in this place.
 C = Inter-level travel time spent in this place.
 D = Time resting spent in this place.
 E = Time spent auto-exploring this place.
 F = Levels seen in this place.
 G = Mean time per level.
                   A        B        C        D        E       F      G
               +--------+--------+--------+--------+--------+-----+--------+
         Total |   6263 |   6028 |    235 |   1980 |   2696 |   7 |  894.7 |
       Dungeon |   5959 |   5733 |    226 |   1699 |   2696 |   6 |  993.2 |
        Temple |    304 |    295 |      9 |    281 |      0 |   1 |  304.0 |
               +--------+--------+--------+--------+--------+-----+--------+

Top non-repeatable levels by time:
     D:4: 1746 daAuts
     D:1: 1522 daAuts
     D:3: 1079 daAuts
     D:5: 766 daAuts
     D:2: 748 daAuts
  Temple: 304 daAuts
     D:6: 96 daAuts
